 Dungeon Crawl Stone Soup version 0.21.0-3-g78d12a8 (webtiles) character file.

302640 tsouns the Warrior (level 21, 0/201 HPs)
             Began as a Hill Orc Monk on Jan 14, 2018.
             Was a High Priest of Beogh.
             Slain by an Executioner (15 damage)
             ... summoned by a deep elf demonologist
             ... on level 3 of the Elven Halls on Jan 16, 2018.
             The game lasted 02:32:38 (38977 turns).

tsouns the Warrior (Hill Orc Monk)                 Turns: 38977, Time: 02:32:39

Health: 0/201      AC: 28    Str: 24    XL:     21   Next: 7%
Magic:  33/33      EV: 18    Int: 15    God:    Beogh [*****.]
Gold:   1051       SH:  0    Dex: 25    Spells: 15/20 levels left

rFire    . . .     SeeInvis +   v - +3 battleaxe (distort)
rCold    + + .     Gourm    .   (shield currently unavailable)
rNeg     . . .     Faith    .   s - +0 storm dragon scales
rPois    +         Spirit   .   y - +2 helmet {SInv}
rElec    +         Reflect  .   V - scarf {repulsion}
rCorr    +         Harm     .   C - +1 pair of gloves
MR       ++...                  t - +2 pair of boots of the Assassin {Detection Stab+ Stlth++}
Stlth    ++++......             Q - amulet "Sauts" {Regen+ Int+5 Dex+3}
HPRegen  0.83/turn              L - ring of Jacsuez {rCorr rPois rC++ Dex+9}
MPRegen  0.23/turn              M - ring of protection from magic

@: about to teleport, repel missiles
A: walk on water
}: 2/15 runes: decaying, serpentine
a: Smiting, Recall Orcish Followers, Give Item to Named Follower, Renounce
Religion


You were on level 3 of the Elven Halls.
You worshipped Beogh.
Beogh was extremely pleased with you.
You were not hungry.

You visited 7 branches of the dungeon, and saw 37 of its levels.
You also visited: Labyrinth and Ice Cave.

You collected 3841 gold pieces.
You spent 2790 gold pieces at shops.

Inventory:

Hand Weapons
 v - a +3 battleaxe of distortion (weapon)
Missiles
 H - 6 throwing nets (quivered)
 N - 7 steel javelins
Armour
 h - the +1 cloak "Geabb" {rF+}
   (You found it on level 6 of the Lair of Beasts)

   It protects you from fire.
 s - +0 storm dragon scales (worn)
 t - the +2 pair of boots of the Assassin (worn) {Detection Stab+ Stlth++}
   (You acquired it on level 2 of the Elven Halls)

   It makes you much more stealthy.
 y - a +2 helmet of see invisible (worn)
 C - a +1 pair of gloves (worn)
 V - a scarf of repulsion (worn)
Jewellery
 L - the ring of Jacsuez (left hand) {rCorr rPois rC++ Dex+9}
   (You found it on level 7 of the Dungeon)

   [ring of resist corrosion]

   It affects your dexterity (+9).
   It greatly protects you from cold.
   It protects you from poison.
 M - a ring of protection from magic (right hand)
 Q - the amulet "Sauts" (around neck) {Regen+ Int+5 Dex+3}
   (You found it in an ice cave)

   [amulet of regeneration]

   It affects your intelligence (+5).
   It affects your dexterity (+3).
   It increases your rate of regeneration.
 T - the ring of Neerghyr {rF+ Slay-4 SInv Stlth+}
   (You found it in a labyrinth)

   [ring of stealth]

   It affects your accuracy and damage with ranged weapons and melee attacks
   (-4).
   It protects you from fire.
   It lets you see invisible.
   It makes you more stealthy.
Wands
 d - a wand of acid (9)
 o - a wand of clouds (7)
 q - a wand of paralysis (39)
 I - a wand of disintegration (42)
 K - a wand of iceblast (50)
 O - a wand of digging (15)
 R - a wand of polymorph (76)
 Y - a wand of scattershot (6)
Scrolls
 g - 8 scrolls of remove curse
 k - 5 scrolls of fog
 n - a scroll of holy word
 w - 4 scrolls of magic mapping
 x - 7 scrolls of amnesia
 z - 7 scrolls of blinking
 B - 7 scrolls of fear
 F - 12 scrolls of teleportation
 P - 16 scrolls of identify
 S - 2 scrolls of torment
 U - 2 scrolls of silence
 Z - 3 scrolls of brand weapon
Potions
 a - 10 potions of curing
 b - 3 potions of might
 i - 4 potions of ambrosia
 j - 13 potions of brilliance
 l - 12 potions of haste
 m - 2 potions of magic
 p - 3 potions of mutation
 r - 3 potions of agility
 u - 5 potions of invisibility
 A - 4 potions of resistance
 D - 2 potions of cancellation
 E - 7 potions of heal wounds
 J - 4 potions of flight
 W - 4 potions of berserk rage
Miscellaneous
 e - a lightning rod (4/4)
 f - a lamp of fire
Comestibles
 c - 25 rations


   Skills:
 + Level 20.2 Fighting
 - Level 20.0 Axes
 + Level 17.2 Armour
 + Level 10.4 Dodging
 * Level 11.6 Stealth
 - Level 17.7 Invocations
 - Level 9.3 Evocations


You had 15 spell levels left.
You knew the following spells:

 Your Spells              Type           Power        Failure   Level  Hunger
a - Animate Skeleton      Necr           N/A          69%         1    ##.....
b - Apportation           Tloc           #.....       69%         1    ##.....
c - Regeneration          Chrm/Necr      #.........   96%         3    ####...


Dungeon Overview and Level Annotations

Branches:
Dungeon (15/15)            Temple (0/1) D:7            Lair (6/6) D:11
  Swamp (4/4) Lair:3        Snake (4/4) Lair:4          Orc (2/2) D:10
    Elf (3/3) Orc:2        Vaults (3/5) D:14          Crypt (0/3) Vaults:2
 Depths (0/5) D:15
  Slime: Lair:5-6

Altars:
Ashenzari
Dithmenos
Elyvilon
Fedhas
Gozag
Makhleb
Qazlal
Ru
Trog
Wu Jian

Shops:
D:5 (!(=   Orc:2 =*([   Elf:1 !   Elf:3 }   Snake:3 !   Vaults:1 *   Vaults:2 (

Portals:
Trove: D:13 (give +3 shadow dragon scales)

Annotations:
D:3 Akransas's ghost, amateur DsGl
D:11 Nergalle
Lair:6 exclusion: 2 oklob plants
Elf:2 3 runed doors
Vaults:2 Donald
Abyss:1 Aizul


Message History

The Executioner barely misses you.
The Executioner hits you but does no damage.
Some walls begin to move on their own!
Oreg hits the earth elemental with a war axe.
Oreg hits the deep elf sorcerer with a war axe!!
The earth elemental hits you but does no damage.
The earth elemental misses you.
You feel better.
The earth elemental disappears in a puff of smoke!
The Executioner hits you!
* * * LOW HITPOINT WARNING * * *
The Executioner hits you but does no damage.
The Executioner hits you.
* * * LOW HITPOINT WARNING * * *
The Executioner hits you!
* * * LOW HITPOINT WARNING * * *
The Executioner completely misses you.
The Executioner hits you but does no damage.
The Executioner hits you!
You die...

#.#.)........#
#.####)......##..
#.####.....).##.#
#..)))).(....##e#
##.########.####.#
...# #....# #.# #.
...## #.#.## #.# #.#
....## #..#.####E# #.#
.....###o###.#EE@# #.#
.....o#.#oo.#.EE1E.E#
.....oo##...##.eeĀ§.##
....#)#.#...#..o.EE#
..##############.###
..# #.))# ..# #.e.#
#.# #..)# .## ##)##


You could see an Executioner, 2 deep elf sorcerers, a deep elf elementalist, a
deep elf archer, 9 earth elementals and the friendly Oreg the orc knight.

Vanquished Creatures
  Vashnia (Snake:2)
  the Lernaean hydra (Swamp:4)
  Saint Roka (Snake:4)
  Jorgrun (Swamp:3)
  Rupert (Orc:2)
  A deep elf blademaster (Elf:3)
  2 thorn hunters (Swamp:3)
  Gastronok (Lair:2)
  A storm dragon (Vaults:3)
  Roxanne (Snake:1)
  4 nagarajas
  4 vault wardens
  A frost giant (IceCv)
  3 deep elf sorcerers
  An orc warlord (Elf:1)
  5 deep elf elementalists (Elf:3)
  4 ironheart preservers
  5 stone giants
  2 deep elf demonologists
  A vampire knight (Vaults:2)
  A very ugly thing (Swamp:4)
  Azrael (D:13)
  A deep elf annihilator (Vaults:3)
  The ghost of letownia2 the Brawler, a journeyman VSWz of Gozag (D:12)
  4 deep elf death magi
  2 green deaths (Swamp:4)
  A death ooze (Swamp:4)
  A minotaur (Lab)
  A hell beast (Swamp:4)
  A great orb of eyes (Vaults:3)
  11 hydras
  2 rakshasas
  4 yaktaur captains
  Erolcha (D:10)
  11 naga warriors
  2 orc knights
  An ice dragon (Vaults:1)
  4 vault guards
  3 ghost crabs
  4 anacondas
  19 two-headed ogres
  A death knight (Vaults:1)
  4 centaur warriors
  14 dancing weapons
  4 alligators
  A deep troll earth mage (Vaults:2)
  4 ogre magi
  A thrashing horror (Swamp:4)
  2 death yaks (Lair:3)
  7 shock serpents
  Sonja (Lair:2)
  11 deep elf knights
  12 naga sharpshooters
  A shadow wraith (Vaults:3)
  2 salamander mystics
  An unseen horror (D:11)
  3 deep trolls (Vaults:1)
  2 flayed ghosts (Vaults:2)
  6 swamp dragons
  11 deep elf archers
  A glowing orange brain (Vaults:2)
  4 shambling mangroves
  A lindwurm (Lair:6)
  6 ironbrand convokers
  A phantasmal warrior (Vaults:2)
  44 deep elf magi
  4 mana vipers
  3 orc sorcerers
  3 wolf spiders (Vaults:3)
  15 ugly things
  4 cyclopes
  6 salamanders
  7 naga magi
  27 black mambas
  2 guardian serpents (Snake:3)
  5 vault sentinels
  4 elephants
  Joseph (D:7)
  2 molten gargoyles (Lair:6)
  A gargoyle (D:14)
  2 orange demons (Swamp:4)
  12 spiny frogs
  A rime drake (shapeshifter) (Vaults:2)
  4 freezing wraiths
  A rime drake (Lair:5)
  17 yaktaurs
  6 komodo dragons
  A tengu conjurer (D:15)
  14 polar bears
  8 trolls
  4 tyrant leeches
  3 meliai (D:14)
  14 hornets
  41 slime creatures
  A sphinx simulacrum (Vaults:2)
  Prince Ribbit (D:9)
  5 dream sheep
  8 bog bodies
  Sigmund (D:3)
  10 hippogriffs
  2 large abominations (Swamp:4)
  7 spriggans
  2 shadows (Swamp:4)
  A tarantella (shapeshifter) (Vaults:3)
  A centaur simulacrum (D:15)
  A wraith (Vaults:2)
  A water elemental (Elf:3)
  2 wyverns
  3 vampires (Vaults:2)
  2 basilisks
  A yak (shapeshifter) (Vaults:1)
  33 yaks
  7 fire elementals
  3 steam dragons
  A small abomination (Swamp:4)
  Edmund (D:5)
  2 hungry ghosts
  A yaktaur simulacrum (Vaults:3)
  Menkaure (D:5)
  12 vampire mosquitoes
  4 wargs
  47 nagas
  15 swamp worms
  18 insubstantial wisps
  An acid dragon (D:14)
  4 hell hounds
  5 porcupines
  16 orc warriors
  9 swamp drakes
  A hornet zombie (D:10)
  4 water moccasins
  A black bear (Lair:1)
  3 necrophages (D:6)
  4 ice beasts
  2 sky beasts
  2 eyes of draining
  30 wolves
  26 ogres
  3 boggarts (Vaults:2)
  15 centaurs
  A big kobold (D:13)
  5 crocodiles
  A big kobold (shapeshifter) (D:15)
  11 bullfrogs
  Blork the orc (D:5)
  A gnoll sergeant (D:9)
  An earth elemental (Elf:2)
  3 scorpions
  8 killer bees
  A howler monkey (D:9)
  6 wights
  An electric eel (Snake:2)
  12 crimson imps
  2 bullfrog zombies
  4 lava snakes (Lair:6)
  2 quasits
  3 centaur zombies
  11 orc priests
  6 jellies
  Crazy Yiuf (D:3)
  3 centaur skeletons
  11 hounds
  4 bullfrog skeletons
  Ijyb (D:3)
  5 iguanas
  19 orc wizards
  6 worker ants
  Natasha (thrice) (D:3)
  2 hound zombies
  A worker ant zombie (D:6)
  Robin (D:3)
  A howler monkey zombie (D:7)
  2 gnolls (D:9)
  13 adders
  4 shadow imps
  3 oozes
  2 adder skeletons
  An adder zombie (D:8)
  2 worms
  A dart slug (D:1)
  7 leopard geckos
  23 orcs
  12 bats
  5 giant cockroaches
  12 goblins
  9 hobgoblins
  16 jackals
  9 kobolds
  4 quokkas
  3 ball pythons
  A ball python skeleton (D:4)
  4 frilled lizards
  A jackal skeleton (D:4)
  A jackal zombie (D:6)
  6 rats
  12 briar patches
  4 bushes
  4 crawling corpses (Elf:3)
  2 fungi
  7 plants
1102 creatures vanquished.

Vanquished Creatures (collateral kills)
  A fire giant (Vaults:3)
  An orc warlord (Orc:2)
  2 ironheart preservers
  2 fire dragons
  3 yaktaur captains
  2 ogre magi
  A great orb of eyes (Vaults:3)
  2 vault guards (Vaults:3)
  A naga warrior (Snake:4)
  2 hydras (Lair:6)
  2 rakshasas
  4 centaur warriors
  An alligator (Swamp:2)
  2 two-headed ogres
  A death yak (Lair:3)
  A death knight (Vaults:2)
  A dancing weapon (Elf:3)
  A deep elf knight (Vaults:3)
  An orc high priest (Orc:2)
  A deep troll (Vaults:2)
  A flayed ghost (Vaults:3)
  A deep elf archer (Elf:3)
  A wizard (Vaults:2)
  2 ironbrand convokers (Vaults:3)
  3 orc knights
  3 deep elf magi
  2 orc sorcerers (Orc:2)
  9 ugly things
  A cyclops (D:11)
  2 black mambas
  An elephant (Lair:5)
  3 vault sentinels (Vaults:3)
  A spiny frog (Lair:5)
  3 yaktaurs
  2 komodo dragons
  A rime drake (Lair:5)
  A freezing wraith (Vaults:3)
  A meliai (shapeshifter) (D:13)
  2 trolls
  A hornet (Vaults:3)
  6 slime creatures
  A hippogriff (D:8)
  2 dream sheep (Lair:6)
  2 redbacks (Vaults:3)
  A wraith (D:14)
  A fire elemental (D:13)
  2 yaks
  2 hungry ghosts
  An insubstantial wisp (Lair:3)
  A warg (Orc:1)
  An acid dragon (Vaults:2)
  A naga (Snake:4)
  A porcupine (D:11)
  A hell hound (Lair:6)
  9 orc warriors
  An eye of draining (shapeshifter) (Vaults:2)
  7 ogres
  A black bear (D:11)
  2 wolves
  4 centaurs
  A crocodile (Lair:2)
  3 bullfrogs
  A gnoll sergeant (Orc:2)
  2 scorpions (D:9)
  A killer bee (D:11)
  A wight (D:9)
  A howler monkey (D:9)
  An electric eel (Lair:1)
  A centaur skeleton (D:7)
  A hound (D:9)
  3 orc priests
  7 orc wizards
  An iguana (D:9)
  2 worker ants
  3 gnolls (D:9)
  An adder (D:11)
  7 orcs
  A kobold (D:13)
  A bush (D:14)
  7 fungi (Orc:2)
166 creatures vanquished.

Vanquished Creatures (others)
  A lich (Vaults:3)
  A thorn hunter (Swamp:2)
  2 nagarajas (Snake:4)
  A deep elf sorcerer (Elf:3)
  An ironheart preserver (Vaults:2)
  A ghoul (Vaults:1)
  2 vault wardens
  An entropy weaver (Vaults:3)
  7 orc knights
  An ettin (D:15)
  2 yaktaur captains (Vaults:1)
  An ogre mage (Vaults:3)
  2 naga warriors
  A centaur warrior (Vaults:1)
  4 hydras
  2 anacondas
  3 alligators
  A two-headed ogre (Vaults:3)
  A shock serpent (Snake:2)
  A spriggan rider (Swamp:3)
  2 naga sharpshooters (Snake:4)
  An orc high priest (Orc:1)
  A skeletal warrior (Vaults:1)
  A salamander mystic (Snake:1)
  A glowing orange brain (Vaults:3)
  A wizard (Vaults:2)
  2 deep trolls
  3 swamp dragons
  2 ironbrand convokers
  2 shambling mangroves
  A naga ritualist (Snake:2)
  2 deep elf archers
  A wolf spider zombie (D:14)
  6 deep elf magi
  A mana viper (Snake:3)
  4 ugly things
  An elephant (Lair:2)
  3 salamanders
  3 vault sentinels
  An ice statue (IceCv)
  2 naga magi
  6 black mambas
  2 rime drakes (D:11)
  5 spiny frogs
  4 yaktaurs
  A freezing wraith (Vaults:3)
  A komodo dragon (Lair:6)
  2 polar bears (IceCv)
  2 hornets
  A bog body (Swamp:3)
  4 slime creatures
  A hippogriff (Lair:6)
  A wraith (D:10)
  2 spriggans
  3 yaks
  25 orc warriors
  A basilisk (Lair:6)
  A vampire mosquito (Swamp:3)
  2 wargs
  An acid dragon (D:13)
  An insubstantial wisp (Swamp:2)
  A hell hound (Lair:6)
  2 water moccasins
  A porcupine (Lair:5)
  A necrophage (D:6)
  4 ogres
  3 wolves
  2 centaurs
  2 crocodiles (Lair:6)
  2 bullfrogs
  2 killer bees
  A lava snake (Lair:6)
  19 orc priests
  13 orc wizards
  A worm (D:5)
  60 orcs
  A jackal (D:4)
  3 briar patches (Swamp:3)
  A bush (D:6)
  3 fungi
  32 plants
297 creatures vanquished.

Grand Total: 1565 creatures vanquished

Notes
Turn   | Place    | Note
-------+----------+-------------------------------------------
     0 | D:1      | tsouns the Hill Orc Monk began the quest for the Orb.
     0 | D:1      | Reached XP level 1. HP: 19/19 MP: 1/1
   131 | D:1      | Reached XP level 2. HP: 18/27 MP: 2/2
   534 | D:1      | Reached XP level 3. HP: 33/34 MP: 3/3
   873 | D:1      | Reached skill level 5 in Axes
  1347 | D:2      | Reached XP level 4. HP: 38/41 MP: 4/4
  1575 | D:2      | Reached skill level 5 in Fighting
  1581 | D:2      | Found a shadowy altar of Dithmenos.
  1883 | D:3      | Noticed Robin
  1913 | D:3      | Killed Robin
  2258 | D:3      | Reached XP level 5. HP: 48/48 MP: 5/5
  2327 | D:3      | Found a runed door.
  2339 | D:3      | Noticed Crazy Yiuf
  2357 | D:3      | Killed Crazy Yiuf
  2518 | D:3      | Noticed Natasha
  2529 | D:3      | Killed Natasha
  2540 | D:3      | Noticed Natasha
  2557 | D:3      | Killed Natasha
  2762 | D:3      | Noticed Akransas's ghost (amateur DsGl)
  2815 | D:3      | Became a worshipper of Beogh the Brigand
  2815 | D:3      | Reached * piety under Beogh
  2815 | D:3      | Reached ** piety under Beogh
  2948 | D:3      | Reached XP level 6. HP: 52/57 MP: 6/6
  2976 | D:3      | Noticed Sigmund
  3019 | D:3      | Killed Sigmund
  3122 | D:3      | Noticed Natasha
  3128 | D:3      | Killed Natasha
  3157 | D:3      | Noticed Ijyb
  3168 | D:3      | Paralysed by Ijyb for 6 turns
  3183 | D:3      | Paralysed by Ijyb for 4 turns
  3188 | D:3      | Killed Ijyb
  3188 | D:3      | Reached XP level 7. HP: 58/66 MP: 7/7
  3349 | D:4      | Reached skill level 1 in Invocations
  3462 | D:4      | Found a white marble altar of Elyvilon.
  3829 | D:4      | Found a burning altar of Makhleb.
  4165 | D:5      | Entered Level 5 of the Dungeon
  4203 | D:4      | Reached XP level 8. HP: 74/74 MP: 11/11
  4357 | D:5      | Noticed Edmund
  4360 | D:5      | Noticed Blork the orc
  4361 | D:5      | Killed Blork the orc
  4361 | D:5      | Reached skill level 5 in Invocations
  4383 | D:5      | Killed Edmund
  4594 | D:5      | Found Moost's Distillery.
  4612 | D:5      | Noticed Menkaure
  4613 | D:5      | Bought a potion of curing for 39 gold pieces
  4613 | D:5      | Bought a potion of haste for 130 gold pieces
  4613 | D:5      | Bought a potion of might for 52 gold pieces
  4614 | D:5      | Killed Menkaure
  4615 | D:5      | Found Con Esem's Weapon Shop.
  4653 | D:5      | Found Deivugh's Jewellery Emporium.
  4909 | D:5      | Noticed a hippogriff
  5012 | D:5      | Reached skill level 10 in Axes
  5013 | D:5      | Killed a hippogriff
  5013 | D:5      | Reached XP level 9. HP: 82/82 MP: 13/13
  5115 | D:5      | Found Tiakar's Antique Weapon Shop.
  5359 | D:6      | Found a blossoming altar of Fedhas.
  5788 | D:6      | Found a sacrificial altar of Ru.
  5790 | D:6      | Found an opulent altar of Gozag.
  5920 | D:6      | Found a shadowy altar of Dithmenos.
  5924 | D:6      | Found a stormy altar of Qazlal.
  6104 | D:6      | Reached *** piety under Beogh
  6249 | D:7      | Found a bloodstained altar of Trog.
  6254 | D:7      | Noticed a hornet
  6258 | D:7      | Killed a hornet
  6258 | D:7      | Reached skill level 10 in Fighting
  6258 | D:7      | Reached skill level 1 in Armour
  6258 | D:7      | Reached XP level 10. HP: 86/92 MP: 16/16
  6267 | D:7      | You fall through a shaft for 3 floors!
  6267 | D:10     | Entered Level 10 of the Dungeon
  6354 | D:10     | Noticed a two-headed ogre
  6388 | D:10     | Killed a two-headed ogre
  6973 | D:9      | Noticed Prince Ribbit
  6977 | D:9      | Killed Prince Ribbit
  7108 | D:9      | Noticed a two-headed ogre
  7118 | D:9      | Killed a two-headed ogre
  7118 | D:9      | Reached XP level 11. HP: 62/101 MP: 17/17
  7307 | D:7      | Noticed Joseph
  7314 | D:7      | Killed Joseph
  7649 | D:7      | Reached skill level 5 in Armour
  7810 | D:7      | Learned a level 1 spell: Animate Skeleton
  7812 | D:7      | Learned a level 1 spell: Apportation
  7864 | D:7      | Found a staircase to the Ecumenical Temple.
  8115 | D:7      | Found a transporter.
  8128 | D:7      | Found a transporter.
  8153 | D:7      | Noticed a deep elf mage
  8155 | D:7      | Banished a deep elf mage
  8166 | D:7      | Got a slimy gossamer ring
  8183 | D:7      | Identified the ring of Jacsuez {rCorr rPois rC++ Dex+9} (You found it on level 7 of the Dungeon)
  8212 | D:7      | Reached skill level 15 in Axes
  8274 | D:8      | Got a pitted lapis lazuli ring
  8276 | D:8      | Identified the ring "Derok" {rCorr rPois Slay-5 SInv} (You found it on level 8 of the Dungeon)
  8284 | D:8      | Found an ornate altar of the Wu Jian Council.
  8292 | D:8      | Reached **** piety under Beogh
  8308 | D:8      | Found a shattered altar of Ashenzari.
  9152 | D:10     | Noticed Erolcha
  9155 | D:10     | Killed Erolcha
  9666 | D:10     | Found a staircase to the Orcish Mines.
  9823 | D:11     | Noticed Nergalle
  9855 | D:11     | Found a frozen archway.
  9872 | IceCv    | Entered an ice cave
  9964 | IceCv    | Reached XP level 12. HP: 81/111 MP: 18/18
 10683 | IceCv    | Noticed a death yak
 10695 | IceCv    | Banished a death yak
 10871 | IceCv    | Noticed a frost giant
 10887 | IceCv    | Killed a frost giant
 10920 | IceCv    | Got a slimy amethyst amulet
 10927 | IceCv    | Got a polished battleaxe
 10930 | IceCv    | Identified the amulet "Sauts" {Regen+ Int+5 Dex+3} (You found it in an ice cave)
 11161 | D:11     | Gained Herok as an ally
 11263 | D:11     | Noticed a six-headed hydra
 11270 | D:11     | Your ally Herok died
 11271 | D:11     | Killed a seven-headed hydra
 11273 | D:11     | Identified the +0 battleaxe of the Egg {chop, *Contam rElec Int+4} (You found it in an ice cave)
 11341 | D:11     | Identified a scroll of acquirement
 11342 | D:11     | Got a pair of ichor-stained boots
 11348 | D:11     | Identified the +2 pair of boots of Anuafegai {Int+3} (You acquired it on level 11 of the Dungeon)
 11494 | D:11     | Found a staircase to the Lair.
 11512 | D:11     | Noticed a two-headed ogre
 11518 | D:11     | Killed a two-headed ogre
 11518 | D:11     | Reached XP level 13. HP: 83/121 MP: 19/19
 11733 | Lair:1   | Entered Level 1 of the Lair of Beasts
 11875 | Lair:1   | Got an amber-encrusted ring mail
 11886 | Lair:1   | Identified the +1 ring mail "Hukorei" {rPois MP-9 Int+2 Stlth+} (You found it on level 1 of the Lair of Beasts)
 12582 | Lair:2   | Noticed Sonja
 12595 | Lair:2   | Killed Sonja
 12756 | Lair:2   | Noticed Gastronok
 13031 | Lair:2   | Killed Gastronok
 13278 | Lair:3   | Found a staircase to the Swamp.
 13286 | Lair:3   | Reached skill level 10 in Invocations
 13697 | Lair:3   | Reached skill level 1 in Evocations
 13826 | Lair:4   | Reached skill level 10 in Armour
 14167 | Lair:4   | Found a staircase to the Snake Pit.
 14657 | Lair:5   | Found a labyrinth entrance.
 14690 | Lab      | Entered a labyrinth
 14982 | Lab      | Noticed a minotaur
 14986 | Lab      | Killed a minotaur
 15011 | Lab      | Identified the Papyrus of the Shifting Glacier
 15012 | Lab      | Got a sparkling golden ring
 15038 | Lab      | Identified the ring of Neerghyr {rF+ Slay-4 SInv Stlth+} (You found it in a labyrinth)
 15095 | Lair:5   | Reached XP level 14. HP: 98/132 MP: 20/22
 15722 | Lair:6   | Entered Level 6 of the Lair of Beasts
 15838 | Lair:6   | Gained Garbold as an ally
 15845 | Lair:6   | Reached ***** piety under Beogh
 16291 | Lair:6   | Found a large runed door.
 16306 | Lair:6   | Found a large runed door.
 16517 | Lair:6   | Got a scorched cloak
 16528 | Lair:6   | Identified the +1 cloak "Geabb" {rF+} (You found it on level 6 of the Lair of Beasts)
 16756 | Lair:6   | Your ally Garbold died
 17155 | Orc:1    | Entered Level 1 of the Orcish Mines
 17217 | Orc:2    | Entered Level 2 of the Orcish Mines
 17585 | Orc:2    | Found a staircase to the Elven Halls.
 17586 | Orc:2    | Found Wech's Jewellery Shop.
 17600 | Orc:2    | Noticed an orc warlord
 17603 | Orc:2    | Found Qegolecs's General Store.
 17611 | Orc:2    | Gained Bogwald as an ally
 17614 | Orc:2    | Your ally Bogwald died
 17752 | Orc:2    | Found Bunwesee's Antique Weapon Boutique.
 17773 | Orc:2    | Noticed Rupert
 17779 | Orc:2    | Paralysed by Rupert for 6 turns
 17785 | Orc:2    | Killed Rupert
 17860 | Orc:2    | Found Goeth's Antique Armour Boutique.
 18205 | Orc:2    | Bought a lamp of fire for 720 gold pieces
 18205 | Orc:2    | Bought a potion of curing for 54 gold pieces
 18205 | Orc:2    | Bought a wand of clouds (4) for 432 gold pieces
 18242 | Orc:2    | Killed an orc warlord
 18242 | Orc:2    | Reached skill level 15 in Fighting
 18726 | D:12     | Reached skill level 5 in Evocations
 19045 | D:12     | Reached XP level 15. HP: 140/140 MP: 24/24
 19216 | D:12     | Noticed letownia2's ghost (journeyman VSWz)
 19224 | D:12     | Killed letownia2's ghost
 19343 | D:13     | Got a dazzling ring mail
 19354 | D:13     | Identified the cursed +1 ring mail "Leangeox" {*Slow Str+4 Int+3} (You found it on level 13 of the Dungeon)
 19455 | D:13     | Found a portal to a secret trove of treasure.
 19512 | D:13     | Noticed Azrael
 19515 | D:13     | Gained Borgk as an ally
 19560 | D:13     | Reached ****** piety under Beogh
 19678 | D:13     | Gained Rocco as an ally
 19949 | D:13     | Your ally Rocco died
 19960 | D:13     | Killed Azrael
 20033 | D:14     | You fall through a shaft!
 20033 | D:15     | Entered Level 15 of the Dungeon
 20617 | D:14     | Found a gate to the Vaults.
 20968 | D:14     | Gained Dorog as an ally
 21161 | D:15     | Found a staircase to the Depths.
 21170 | D:15     | Gained Bolgrim as an ally
 21837 | Snake:1  | Entered Level 1 of the Snake Pit
 22124 | Snake:1  | Noticed Roxanne
 22144 | Snake:1  | Killed Roxanne
 22636 | Snake:1  | Reached skill level 5 in Dodging
 22779 | Snake:2  | Reached XP level 16. HP: 151/151 MP: 26/26
 23213 | Snake:2  | Noticed Vashnia
 23471 | Snake:2  | Killed Vashnia
 23834 | Snake:2  | Noticed Aizul
 24028 | Snake:2  | Banished Aizul
 24216 | Snake:3  | Found Eguudiq's Distillery.
 24229 | Snake:3  | Bought a potion of curing for 30 gold pieces
 24229 | Snake:3  | Bought a potion of heal wounds for 50 gold pieces
 24229 | Snake:3  | Bought a potion of berserk rage for 50 gold pieces
 24229 | Snake:3  | Bought a potion of resistance for 100 gold pieces
 24229 | Snake:3  | Bought a potion of curing for 30 gold pieces
 24229 | Snake:3  | Bought a potion of curing for 30 gold pieces
 24229 | Snake:3  | Bought a potion of haste for 100 gold pieces
 24229 | Snake:3  | Bought a potion of agility for 40 gold pieces
 24229 | Snake:3  | Bought a potion of might for 40 gold pieces
 24314 | Snake:3  | Noticed a nagaraja
 24408 | Snake:3  | Noticed a nagaraja
 24521 | Snake:3  | Banished a nagaraja
 24946 | Snake:3  | Killed a nagaraja
 25057 | Snake:3  | Gained Orbeogh as an ally
 25223 | Snake:4  | Entered Level 4 of the Snake Pit
 25239 | Snake:4  | Noticed Saint Roka
 25254 | Snake:4  | Your ally Orbeogh died
 25258 | Snake:4  | Was placed under penance by Beogh
 25259 | Snake:4  | Killed Saint Roka
 25558 | Elf:1    | Entered Level 1 of the Elven Halls
 25773 | Elf:1    | Reached XP level 17. HP: 150/161 MP: 28/28
 25783 | Elf:1    | Reached skill level 15 in Invocations
 25856 | Elf:1    | Found Wuogi's Distillery.
 25859 | Elf:1    | Bought a potion of curing for 57 gold pieces
 25859 | Elf:1    | Bought a potion of heal wounds for 95 gold pieces
 25859 | Elf:1    | Bought a potion of haste for 190 gold pieces
 25859 | Elf:1    | Bought 2 potions of haste for 380 gold pieces
 25859 | Elf:1    | Bought a potion of heal wounds for 95 gold pieces
 25859 | Elf:1    | Bought a potion of might for 76 gold pieces
 26463 | Elf:1    | Noticed a Hell Sentinel
 26602 | Elf:1    | Was forgiven by Beogh
 27060 | Elf:2    | Found the +2 pair of boots of the Assassin {Detection Stab+ Stlth++}
 27342 | Elf:2    | Found a huge runed gate.
 27342 | Elf:2    | Found a huge runed gate.
 27343 | Elf:2    | Found a huge runed gate.
 27722 | Swamp:1  | Entered Level 1 of the Swamp
 28872 | Swamp:2  | Gained Borgun as an ally
 28877 | Swamp:2  | Your ally Borgun died
 29154 | Swamp:2  | Reached XP level 18. HP: 171/171 MP: 30/30
 29444 | Swamp:3  | Noticed Jorgrun
 29478 | Swamp:3  | Killed Jorgrun
 30443 | Swamp:4  | Entered Level 4 of the Swamp
 30650 | Swamp:4  | Noticed the 27-headed Lernaean hydra
 30683 | Swamp:4  | Killed the 26-headed Lernaean hydra
 30683 | Swamp:4  | Reached skill level 15 in Armour
 30686 | Swamp:4  | Gained Wargrak as an ally
 30706 | Swamp:4  | Reached skill level 5 in Stealth
 30816 | Swamp:4  | Got a decaying rune of Zot
 30966 | Swamp:4  | Your ally Wargrak died
 31067 | Swamp:4  | Your ally Wargrak died
 32279 | Snake:4  | Identified the +1 ring mail of the Spheres {+Fly rElec rPois Str-2} (You found it on level 4 of the Snake Pit)
 32664 | Snake:4  | Reached XP level 19. HP: 133/181 MP: 31/31
 32975 | Snake:4  | Got a serpentine rune of Zot
 33368 | Vaults:1 | Entered Level 1 of the Vaults
 33626 | Vaults:1 | Found Duopnuj's General Store.
 34685 | Vaults:2 | Reached skill level 10 in Dodging
 34731 | Vaults:2 | Found Laekalic's Antique Weapon Shoppe.
 35827 | Vaults:2 | Found a staircase to the Crypt.
 35945 | Vaults:2 | Gained Borgk as an ally
 36005 | Vaults:2 | Reached XP level 20. HP: 165/191 MP: 32/32
 36016 | Vaults:2 | Noticed Donald
 36024 | Vaults:2 | Gained Gorbash as an ally
 36027 | Vaults:2 | Your ally Borgk died
 36436 | Vaults:3 | Your ally Gorbash died
 36439 | Vaults:3 | Your ally Borgk died
 36615 | Vaults:3 | Gained Borgun as an ally
 36637 | Vaults:3 | Learned a level 3 spell: Regeneration
 36864 | Vaults:3 | Reached skill level 10 in Stealth
 38173 | Vaults:3 | Noticed a Tzitzimitl
 38648 | Elf:3    | Entered Level 3 of the Elven Halls
 38667 | Elf:3    | Found Tulihepi's Gadget Emporium.
 38939 | Elf:3    | Gained Oreg as an ally
 38964 | Elf:3    | Reached XP level 21. HP: 97/201 MP: 33/33
 38977 | Elf:3    | Slain by an Executioner

Skill      XL: |  1  2  3  4  5  6  7  8  9 10 11 12 13 14 15 16 17 18 19 20 |
---------------+-------------------------------------------------------------+-----
Fighting       | 4 5 6 7 8 10 11 12 13 14 15 16 17 18 19 20 | 20.2
Axes           | 5 6 7 8 10 12 14 16 17 18 20 | 20.0
Invocations    | 4 6 8 10 12 13 14 16 17 | 17.7
Armour         | 1 4 6 8 10 11 12 13 14 15 16 17 | 17.2
Dodging        | 4 5 6 8 9 10 | 10.4
Evocations     | 2 5 7 8 9 |  9.3
Stealth        | 3 6 8 11 | 11.6

Action                   |  1- 3 |  4- 6 |  7- 9 | 10-12 | 13-15 | 16-18 | 19-21 || total
-------------------------+-------+-------+-------+-------+-------+-------+-------++-------
Melee: Hand axe          |   135 |   198 |    10 |       |       |       |       ||   343
       War axe           |       |       |   128 |       |       |       |       ||   128
       Battleaxe         |       |       |   150 |   521 |   857 |  1381 |   846 ||  3755
Throw: Stone             |       |     1 |       |       |       |       |       ||     1
Invok: Convert to Beogh  |       |     1 |       |       |       |       |       ||     1
       Smiting           |       |       |     9 |    21 |     9 |     1 |       ||    40
       Recall Orcish Fol |       |       |       |       |     4 |       |       ||     4
       Give Item to Name |       |       |       |       |     1 |     1 |       ||     2
       Resurrection      |       |       |       |       |       |     2 |     2 ||     4
Evoke: Wand              |       |       |       |       |    28 |    18 |     3 ||    49
       Lightning rod     |       |       |       |       |     3 |     2 |       ||     5
       Lamp of fire      |       |       |       |       |       |     5 |       ||     5
       Phantom mirror    |       |       |       |       |       |     1 |       ||     1
  Use: Scroll            |       |     7 |     7 |    10 |    14 |     9 |     6 ||    53
       Potion            |       |     2 |     2 |       |     2 |     4 |     4 ||    14
 Stab: Sleeping          |       |     2 |       |       |       |       |     1 ||     3
       Distracted        |       |       |     1 |     2 |     9 |     3 |     5 ||    20
       Paralysed         |       |       |       |       |     2 |       |       ||     2
       Invisible         |       |       |       |       |       |     7 |       ||     7
       Confused          |       |       |       |       |       |     2 |       ||     2
  Eat: Chunk             |     2 |     6 |     3 |    10 |     2 |    11 |     2 ||    36
       Ration            |       |       |     3 |     4 |    10 |     7 |     5 ||    29
Armor: Robe              |    39 |    25 |       |       |       |       |       ||    64
       Skin              |       |    23 |    10 |       |       |       |       ||    33
       Leather armour    |       |       |    76 |     4 |       |       |       ||    80
       Plate armour      |       |       |       |   282 |   460 |   721 |   231 ||  1694
       Storm dragon scal |       |       |       |       |       |       |    63 ||    63
       Scale mail        |       |       |       |       |       |       |    21 ||    21
       Fire dragon scale |       |       |       |       |       |       |     4 ||     4
Dodge: Dodged            |   130 |    93 |   159 |   211 |   322 |   624 |   440 ||  1979
       Deflected         |       |       |       |       |       |    73 |    89 ||   162
